 Dungeon Crawl Stone Soup version 0.21.1-1-g345015f (webtiles) character file.

1355 Hasart the Reanimator (level 8, -4/52 HPs)
             Began as a Mummy Necromancer on Apr 7, 2018.
             Was a Believer of Sif Muna.
             Slain by a wyvern zombie (9 damage)
             ... on level 7 of the Dungeon.
             The game lasted 00:16:22 (4994 turns).

Hasart the Reanimator (Mummy Necromancer)           Turns: 4994, Time: 00:16:22

Health: -4/52      AC:  4    Str: 11    XL:     8   Next: 37%
Magic:  17/18      EV: 12    Int: 16    God:    Sif Muna [**....]
Gold:   233        SH:  0    Dex: 13    Spells: 10/21 levels left

rFire    x . .     SeeInvis .   d - +1 hunting sling (flame)
rCold    + . .     Gourm    .   (no shield)
rNeg     + + +     Faith    .   a - +0 robe
rPois    ∞         Spirit   .   (no helmet)
rElec    .         Reflect  .   m - +0 cloak
rCorr    .         Harm     .   u - +0 pair of gloves
MR       +....                  (no boots)
Stlth    +++.......             h - amulet of regeneration
HPRegen  0.57/turn              k - ring of stealth
MPRegen  0.16/turn              s - ring of wizardry

@: no status effects
A: no food or potions, fire vulnerability, cold resistance 1, negative energy
resistance 3, torment resistance, unbreathing
a: Divine Energy, Renounce Religion


You were on level 7 of the Dungeon.
You worshipped Sif Muna.
Sif Muna was pleased with you.
You were not hungry.

You visited 2 branches of the dungeon, and saw 8 of its levels.

You collected 233 gold pieces.

Inventory:

Hand Weapons
 d - a +1 hunting sling of flaming (weapon)
 i - a +1 dagger of protection
Missiles
 j - 19 sling bullets (quivered)
Armour
 a - a +0 robe (worn)
 m - a +0 cloak (worn)
 u - a +0 pair of gloves (worn)
Jewellery
 h - an amulet of regeneration (around neck)
 k - a ring of stealth (left hand)
 n - an uncursed ring of stealth
 p - an uncursed ring of flight
 q - an uncursed amulet of magic regeneration
 s - a ring of wizardry (right hand)
Wands
 f - a wand of paralysis (15)
Scrolls
 c - 4 scrolls of teleportation {unknown}
 e - 2 scrolls of fog {unknown}
 g - 6 scrolls of remove curse {unknown}
 l - 4 scrolls of identify {unknown}
 o - a scroll of torment {unknown}
 r - a scroll of enchant armour {unknown}
 t - a scroll of fear
Books
 b - a book of Necromancy

   Spells                             Type                      Level
   a - Pain                           Necromancy                   1
   b - Animate Skeleton               Necromancy                   1
   c - Vampiric Draining              Necromancy                   3
   d - Regeneration                   Charms/Necromancy            3
   e - Animate Dead                   Necromancy                   4
   f - Borgnjor's Vile Clutch         Necromancy/Earth             5


   Skills:
 - Level 1.5 Dodging
 - Level 1.5 Stealth
 + Level 7.0 Spellcasting
 + Level 8.0 Necromancy
 * Level 4.2 Earth Magic


You had 10 spell levels left.
You knew the following spells:

 Your Spells              Type           Power        Failure   Level  Hunger
a - Pain                  Necr           ####         1%          1    N/A
c - Borgnjor's Vile Clut  Necr/Erth      ####......   11%         5    N/A
q - Animate Skeleton      Necr           N/A          1%          1    N/A
w - Animate Dead          Necr           N/A          1%          4    N/A

Dungeon Overview and Level Annotations

Branches:
Dungeon (7/15)             Temple (1/1) D:4

Altars:
Ashenzari
Cheibriados
Dithmenos
Elyvilon
Fedhas
Gozag
Hepliaklqana
Kikubaaqudgha
Makhleb
Nemelex Xobeh
Okawaru
Qazlal
Ru
Sif Muna
Trog
Uskayaw
Vehumet
Wu Jian
Xom
Zin
The Shining One


Innate Abilities, Weirdness & Mutations

You do not eat or drink.
Your flesh is vulnerable to fire.
You are immune to poison.
Your flesh is cold resistant. (rC+)
You are immune to negative energy. (rN+++)
You are immune to unholy pain and torment.
You can survive without breathing.


Message History

Firing (i - inventory):
j - 21 sling bullets (quivered)
Press: ? - help, Shift-Dir - straight line, f/p - wyvern zombie
Aim: a wyvern zombie (moderately damaged)
You shoot a sling bullet.
The sling bullet hits the wyvern zombie.
The sling bullet burns the wyvern zombie.
The wyvern zombie is moderately damaged.
The wyvern zombie closely misses you.
Firing (i - inventory):
j - 20 sling bullets (quivered)
Press: ? - help, Shift-Dir - straight line, f/p - wyvern zombie
Aim: a wyvern zombie (moderately damaged)
You shoot a sling bullet.
The sling bullet hits the wyvern zombie.
The sling bullet burns the wyvern zombie.
The wyvern zombie is heavily damaged.
The wyvern zombie bites you! x2
* * * LOW HITPOINT WARNING * * *
You hear the slow hiss of a very distant avalanche of sand.
The wyvern zombie bites you!
You die...

# ####### ..#.....##
.........##
..(.....Z.#######
.........@##....#
...........#....#
...........#....#
...........#.>..#
...........†....#
...........#....#
..#........#....#####
.#.........#....#...#
........###.........


You could see a wyvern zombie.

Vanquished Creatures
  Duvessa (D:5)
  A sky beast (D:5)
  A black bear (D:6)
  An ice beast (D:5)
  A phantom (D:3)
  An ogre (D:6)
  A centaur (D:5)
  A bullfrog (D:6)
  Dowan (D:5)
  A scorpion (D:7)
  2 killer bees (D:6)
  A centaur zombie (D:5)
  A quasit (D:6)
  An orc wizard (D:4)
  2 hounds
  2 bullfrog skeletons
  3 iguanas
  A killer bee zombie (D:5)
  A worker ant zombie (D:5)
  7 adders
  An ooze (D:5)
  2 dart slugs
  3 leopard geckos
  13 orcs
  3 giant cockroaches
  6 goblins
  7 hobgoblins
  7 jackals
  A quokka (D:5)
  A ball python (D:2)
  7 bats
  10 kobolds
  A leopard gecko zombie (D:6)
  3 rats
96 creatures vanquished.

Vanquished Creatures (collateral kills)
  A bat (D:1)
  A hobgoblin (D:1)
  2 jackals (D:1)
4 creatures vanquished.

Grand Total: 100 creatures vanquished

Notes
Turn   | Place    | Note
-------+----------+-------------------------------------------
     0 | D:1      | Hasart the Mummy Necromancer began the quest for the Orb.
     0 | D:1      | Reached XP level 1. HP: 13/13 MP: 4/4
    74 | D:1      | Learned a level 1 spell: Animate Skeleton
   239 | D:1      | Reached XP level 2. HP: 14/19 MP: 0/6
   959 | D:2      | Reached XP level 3. HP: 24/24 MP: 4/7
  1563 | D:2      | Reached skill level 5 in Necromancy
  1571 | D:2      | Reached XP level 4. HP: 20/30 MP: 1/9
  1809 | D:3      | Found a shattered altar of Ashenzari.
  2001 | D:3      | Noticed a phantom
  2013 | D:3      | Killed a phantom
  2013 | D:3      | Reached skill level 6 in Necromancy
  2013 | D:3      | Reached XP level 5. HP: 35/35 MP: 9/11
  2612 | D:4      | Found a staircase to the Ecumenical Temple.
  2627 | Temple   | Entered the Ecumenical Temple
  2788 | Temple   | Became a worshipper of Sif Muna the Loreminder
  2847 | D:4      | Reached XP level 6. HP: 41/41 MP: 10/13
  2869 | D:4      | Found a sacrificial altar of Ru.
  2887 | D:4      | Reached skill level 5 in Spellcasting
  3174 | D:5      | Entered Level 5 of the Dungeon
  3219 | D:5      | Noticed an ice beast
  3254 | D:5      | Killed an ice beast
  3254 | D:5      | Reached skill level 7 in Necromancy
  3441 | D:5      | Learned a level 5 spell: Borgnjor's Vile Clutch
  3511 | D:5      | Learned a level 4 spell: Animate Dead
  3608 | D:5      | Noticed a sky beast
  3636 | D:5      | Reached skill level 1 in Earth Magic
  3666 | D:5      | Killed a sky beast
  3666 | D:5      | Reached * piety under Sif Muna
  3666 | D:5      | Reached XP level 7. HP: 46/46 MP: 13/15
  3928 | D:5      | Noticed Duvessa
  3930 | D:5      | Noticed Dowan
  3945 | D:5      | Killed Duvessa
  4129 | D:5      | Killed Dowan
  4590 | D:6      | Reached XP level 8. HP: 52/52 MP: 8/17
  4769 | D:6      | Reached ** piety under Sif Muna
  4869 | D:6      | Reached skill level 8 in Necromancy
  4945 | D:6      | You fall through a shaft!
  4948 | D:7      | Found a bloodstained altar of Trog.
  4948 | D:7      | Found a hide-covered altar of Uskayaw.
  4994 | D:7      | Slain by a wyvern zombie

Skill      XL: |  1  2  3  4  5  6  7  8 |
---------------+-------------------------+-----
Spellcasting   | 3 4 5 6 7 |  7.0
Necromancy     | 5 6 7 8 |  8.0
Earth Magic    | 1 3 4 |  4.2
Dodging        | |  1.5
Stealth        | |  1.5

Action                   |  1- 3 |  4- 6 |  7- 9 || total
-------------------------+-------+-------+-------++-------
Melee: Unarmed           |    18 |       |       ||    18
 Fire: Hunting sling     |     4 |    66 |    28 ||    98
 Cast: Pain              |    69 |    76 |    56 ||   201
       Animate Skeleton  |     5 |       |       ||     5
       Borgnjor's Vile C |       |       |     3 ||     3
       Animate Dead      |       |       |     1 ||     1
  Use: Scroll            |       |       |     1 ||     1
Armor: Robe              |    18 |    12 |     5 ||    35
Dodge: Dodged            |    37 |    50 |    49 ||   136
